 Dungeon Crawl Stone Soup version 0.28.0-45-g0d030f2227 (webtiles) character file.

Game seed: 9109759986781186115

2205 MisterFreud the Arsonist (level 9, -9/78 HPs)
             Began as a Naga Fire Elementalist on Apr 11, 2022.
             Was an Initiate of Cheibriados.
             Hit by a large rock thrown by a cyclops (44 damage)
             ... on level 7 of the Dungeon.
             The game lasted 00:15:48 (7308 turns).

MisterFreud the Arsonist (Naga Fire Elementalist)   Turns: 7308, Time: 00:15:49

Health: -9/78      AC: 13    Str: 14    XL:     9   Next: 34%
Magic:  14/18      EV: 11    Int: 27    God:    Cheibriados [......]
Gold:   304        SH:  0    Dex: 17    Spells: 10/20 levels left

rFire   . . .      SeeInvis +   v - +4 dagger of the Ten Youths {spect, Dex+4}
rCold   . . .      Faith    .   (no shield)
rNeg    . . .      Spirit   .   i - +3 leather armour of the Orb Guardian {Str+3}
rPois   +          Reflect  .   u - +1 hat
rElec   .          Harm     .   G - +0 cloak
rCorr   .          Rampage  .   (no gloves)
Will    +....                   g - +0 barding
Stlth   ++........              (no amulet)
HPRegen 0.23/turn               f - +4 ring of evasion
MPRegen 0.16/turn               r - +6 ring of intelligence

@: very slow
A: AC +3, large, see invisible, deformed body, poison resistance, slowness 2,
spit poison 1, naga tail 1
a: Spit Poison, Renounce Religion


You were on level 7 of the Dungeon.
You worshipped Cheibriados.
Cheibriados was noncommittal.
You visited 2 branches of the dungeon, and saw 9 of its levels.

You collected 304 gold pieces.

Inventory:

Hand Weapons
 p - a +4 dagger
 v - the +4 dagger of the Ten Youths (weapon) {spect, Dex+4}
   (You found it on level 4 of the Dungeon)

   When its wielder attacks, the weapon's spirit leaps out and strikes again.
   The spirit shares a part of any damage it takes with its wielder.
   Dex:       It affects your dexterity (+4).
 w - a +1 hand axe of flaming
Missiles
 c - 13 poisoned darts
 e - 6 atropa-tipped darts
 x - 2 boomerangs
 y - 3 javelins
Armour
 g - a +0 barding (worn)
 i - the +3 leather armour of the Orb Guardian (worn) {Str+3}
   (You found it on level 2 of the Dungeon)

   Str:       It affects your strength (+3).
 u - a +1 hat (worn)
 G - a +0 cloak (worn)
Jewellery
 f - a +4 ring of evasion (left hand)
 r - a +6 ring of intelligence (right hand)
 E - a +6 ring of strength
Wands
 C - a wand of iceblast (13)
 D - a wand of flame (14)
Scrolls
 a - a scroll of immolation
 j - 3 scrolls of teleportation
 k - a scroll of fog {unknown}
 n - 2 scrolls of vulnerability {unknown}
 o - a scroll of torment {unknown}
 q - 2 scrolls of enchant weapon {unknown}
 t - a scroll of fear {unknown}
 z - a scroll of noise {unknown}
 B - 3 scrolls of identify
 F - a scroll of amnesia {unknown}
Potions
 b - 2 potions of degeneration
 d - a potion of might
 h - 2 potions of mutation
 l - 2 potions of heal wounds
 m - a potion of haste
 s - 5 potions of curing {unknown}
 A - a potion of resistance


   Skills:
 + Level 4.1 Fighting
 - Level 1.5 Dodging
 - Level 3.0 Stealth
 - Level 6.0 Spellcasting
 - Level 1.0 Conjurations
 - Level 10.0 Fire Magic


You had 10 spell levels left.
You knew the following spells:

 Your Spells              Type           Power      Damage    Failure   Level
a - Foxfire               Conj/Fire      100%       2x1d9     1%          1
b - Scorch                Fire           100%       2d10      1%          2
c - Conjure Flame         Conj/Fire      37%        6-21      2%          3
d - Flame Wave            Conj/Fire      37%        2d9       9%          4

Your spell library contained the following spells:

 Spells                   Type           Power      Damage    Failure   Level
 Inner Flame              Hex/Fire       35%        N/A       3%          3


Dungeon Overview and Level Annotations

Branches:
Dungeon (8/15)             Temple (1/1) D:7
   Lair: D:8-11

Altars:
Ashenzari
Cheibriados
Elyvilon
Gozag
Hepliaklqana
Nemelex Xobeh
Okawaru
Qazlal
Ru
Trog
Uskayaw
Vehumet
Wu Jian
Xom
Zin
The Shining One

Annotations:
D:4 3 runed translucent doors, Hugehornet's ghost, amateur OpTm
D:7 1 transporter


Innate Abilities, Weirdness & Mutations

Your serpentine skin is tough. (AC +3)
You have supernaturally acute eyesight. (SInv)
Armour fits poorly on your strangely shaped body.
Your system is resistant to poisons. (rPois)
You cover ground very slowly.
You can spit poison.
You have a snake-like lower body.


Message History

You see here a +0 leather armour.
Found a transporter.
You open the door.
There is an open door here.
There is an open door here.
An orc is nearby!
Casting: Scorch (safe; 1% risk of failure)
Confirm with . or Enter, or press ? or * to list all spells.
Flames lash the orc.
You kill the orc!
Cheibriados thoroughly appreciates the change of pace.
Things that are here:
a +0 flail; a +0 leather armour A cyclops comes into view.
A cyclops is nearby!
Aiming: Spit Poison (1% risk of failure)
Press: ? - help, Shift-Dir - straight line, f - cyclops
Aim: a cyclops, quivering large rocks (97% to hit)
The splash of poison hits the cyclops!
The cyclops is poisoned.
The cyclops is moderately wounded.
Unknown command.
Press: ? - help, v - describe, . - travel
Here: a cyclops, quivering large rocks (lightly wounded, poisoned)
The floor.
Unknown command.
Unknown command.
Casting: Scorch (safe; 1% risk of failure)
Confirm with . or Enter, or press ? or * to list all spells.
Flames lash the cyclops but do no damage.
The cyclops throws a large rock.
The large rock hits you!!!
Ouch! That really hurt!
Casting: Scorch (safe; 1% risk of failure)
Confirm with . or Enter, or press ? or * to list all spells.
Flames lash the cyclops.
The cyclops is heavily wounded.
The cyclops's fire resistance burns away.
You have got your breath back.
The cyclops throws a large rock.
The large rock hits you!!!
Ouch! That really hurt!
You die...

#. ..... .... #### ##...
..# #... ... ... #...
.######.. ..# #...
.......C######.# #####...
.........@...#.# #.......
........####.#.# ##+###'#
........##...#.# #.....#
........##.#.#.#####.♣♣♣.#
...................#.....#
.........).........'.._..'
.......###.#.......#.....#
....... #.........#.♣♣♣.#
##########.........#.....#


You could see a cyclops (poisoned, combustible).

Vanquished Creatures
  Sigmund (D:2)
  A wyvern (D:5)
  A wraith (D:7)
  A steam dragon (D:6)
  An orc warrior (D:7)
  2 sky beasts
  2 centaurs
  3 phantoms
  A bullfrog (D:3)
  A water moccasin zombie (D:5)
  2 scorpions
  A howler monkey (D:6)
  2 bullfrog zombies (D:6)
  A centaur zombie (D:5)
  2 hounds
  2 jellies
  An orc priest (D:5)
  A centaur skeleton (D:6)
  A gnoll shaman (D:5)
  Terence (D:2)
  2 iguanas (D:5)
  4 orc wizards
  A hound zombie (D:5)
  3 gnolls (D:4)
  2 howler monkey skeletons
  5 adders
  An ufetubus (D:6)
  2 worms
  3 dart slugs
  18 orcs
  5 endoplasms
  A giant cockroach (D:2)
  5 goblins
  6 hobgoblins
  14 kobolds
  5 quokkas
  5 ball pythons
  8 bats
  3 frilled lizards (D:1)
  5 rats
126 creatures vanquished.

Vanquished Creatures (others)
  31 foxfires
31 creatures vanquished.

Grand Total: 157 creatures vanquished

Notes
Turn   | Place    | Note
-------+----------+-------------------------------------------
     0 | D:1      | MisterFreud the Naga Fire Elementalist began the quest for
                  | the Orb.
     0 | D:1      | Reached XP level 1. HP: 15/15 MP: 3/3
   196 | D:1      | Reached XP level 2. HP: 22/22 MP: 5/5
   764 | D:1      | Reached skill level 4 in Fire Magic
   809 | D:1      | Learned a level 2 spell: Scorch
   815 | D:1      | Reached XP level 3. HP: 28/28 MP: 3/6
  1255 | D:2      | Identified the +3 leather armour of the Orb Guardian
                  | {Str+3}
  1301 | D:2      | Reached XP level 4. HP: 36/36 MP: 0/7
  1415 | D:2      | Noticed Terence
  1424 | D:2      | Killed Terence
  1425 | D:2      | Reached skill level 5 in Fire Magic
  1779 | D:2      | Reached XP level 5. HP: 42/42 MP: 8/8
  2006 | D:2      | Noticed Sigmund
  2026 | D:2      | Killed Sigmund
  2027 | D:2      | Reached skill level 6 in Fire Magic
  2027 | D:2      | Reached XP level 6. HP: 35/49 MP: 0/11
  2744 | D:3      | Found a glowing golden altar of the Shining One.
  2786 | D:3      | Found a faded altar of an unknown god.
  3411 | D:5      | Entered Level 5 of the Dungeon
  3411 | D:5      | Found a bloodstained altar of Trog.
  3524 | D:5      | Reached XP level 7. HP: 48/55 MP: 4/13
  3601 | D:5      | Noticed a wyvern
  3610 | D:5      | Killed a wyvern
  3727 | D:5      | Reached skill level 5 in Spellcasting
  3740 | D:5      | Reached skill level 7 in Fire Magic
  4067 | D:4      | Reached XP level 8. HP: 62/62 MP: 6/16
  4286 | D:4      | Found a runed translucent gate.
  4287 | D:4      | Found a runed translucent gate.
  4289 | D:4      | Found a runed translucent gate.
  4292 | D:4      | Noticed Hugehornet's ghost (amateur OpTm)
  4361 | D:4      | Identified the +4 dagger of the Ten Youths {spect, Dex+4}
  4797 | D:5      | Reached skill level 8 in Fire Magic
  5198 | D:5      | Found a stormy altar of Qazlal.
  5359 | D:5      | Found a sparkling altar of Nemelex Xobeh.
  5484 | D:6      | Reached skill level 9 in Fire Magic
  5619 | D:6      | Learned a level 3 spell: Conjure Flame
  5624 | D:6      | Learned a level 4 spell: Flame Wave
  5971 | D:6      | Reached XP level 9. HP: 54/68 MP: 8/18
  6596 | D:7      | Found a staircase to the Ecumenical Temple.
  6620 | Temple   | Entered the Ecumenical Temple
  6677 | D:7      | Reached skill level 10 in Fire Magic
  6820 | D:7      | Found a snail-covered altar of Cheibriados.
  6826 | D:7      | Became a worshipper of Cheibriados the Contemplative
  6964 | D:8      | Found a shimmering altar of Xom.
  6964 | D:8      | Found a shimmering altar of Xom.
  7251 | D:7      | Found a transporter.
  7302 | D:7      | Noticed a cyclops
  7308 | D:7      | Hit by a large rock thrown by a cyclops

Illustrated notes

Levels and vault maps discovered:
D:1:      minmay_arrival_nine_rooms, layout_loops_ring, nicolae_wormholes
D:2:      layout_loops_cross, chequers_avenue, uniq_sigmund, uniq_terence
D:3:      layout_basic, nicolae_tso_carved_into_rock,
          hellmonk_ecumenical_altar_pennies_from_heaven, corexii_shack
D:4:      layout_rooms, gammafunk_ghost_necromancy
D:5:      layout_basic, lemuel_tele_altar, mainiacjoe_overflow_cross_hatched,
          mainiacjoe_overflow_boulevard
D:6:      layout_basic, grunt_decor_fettered
D:7:      gammafunk_cloud_chamber, layout_basic,
          mainiacjoe_overflow_six_doors_small, minmay_temple_entry_trees,
          st_stairs_11
D:8:      layout_rooms, kiku_gazebo_pond_becter, xom_shifter_show,
          mainiacjoe_overflow_catch_the_wave, nicolae_ossuary_entry_plus
Temple:   eino_wide_crystal_templ

Skill      XL: |  1  2  3  4  5  6  7  8  9 |
---------------+----------------------------+-----
Fire Magic     | 4 5 6 7 9 10 | 10.0
Spellcasting   | 3 4 5 6 |  6.0
Fighting       | 4 |  4.1
Dodging        | |  1.5
Stealth        | |  3.0
Conjurations   | |  1.0

Action                   |  1- 3 |  4- 6 |  7- 9 || total
-------------------------+-------+-------+-------++-------
Melee: Unarmed           |     2 |       |       ||     2
       Whip              |    15 |    25 |       ||    40
       Punch             |     1 |       |     1 ||     2
       Dagger            |       |       |    28 ||    28
 Cast: Foxfire           |    19 |     1 |     1 ||    21
       Scorch            |     7 |    38 |   104 ||   149
       Flame Wave        |       |       |     1 ||     1
       Conjure Flame     |       |       |     1 ||     1
 Abil: Spit Poison       |    18 |    35 |    20 ||    73
  Use: Scroll            |       |     7 |       ||     7
 Stab: Sleeping          |       |     1 |       ||     1
Armor: Robe              |     6 |       |       ||     6
       Leather armour    |       |    15 |    56 ||    71
Dodge: Dodged            |    16 |    25 |    72 ||   113
